 Dungeon Crawl Stone Soup version 0.29.0-4-gdea44cf6ec (webtiles) character file.

Game seed: 10048938048479504357

165 Drevant2 the Slasher (level 5, 0/38 HPs)
             Began as a Demonspawn Gladiator on Aug 27, 2022.
             Slain by a gnoll
             ... wielding a +0 flail
              (4 damage)
             ... on level 3 of the Dungeon.
             The game lasted 00:03:44 (1848 turns).

Drevant2 the Slasher (Demonspawn Gladiator)         Turns: 1848, Time: 00:03:44

Health: 0/38       AC:  3    Str: 14    XL:     5   Next: 22%
Magic:  5/5        EV: 12    Int: 10    God:
Gold:   35         SH:  0    Dex: 16    Spells: 4/4 levels left

rFire   + . .      SeeInvis .   a - +0 long sword
rCold   + + .      Faith    .   (no shield)
rNeg    . . .      Spirit   .   b - +0 leather armour
rPois   +          Reflect  .   (helmet restricted)
rElec   +          Harm     .   (no cloak)
rCorr   +          Rampage  .   (no gloves)
Will    .....                   (no boots)
Stlth   +.........              (no amulet)
HPRegen 0.12/turn               i - ring of protection from cold
MPRegen 0.09/turn               (no ring)

@: resistant
A: antennae 2
a: no special abilities


You were on level 3 of the Dungeon.
You visited 1 branch of the dungeon, and saw 3 of its levels.

You collected 35 gold pieces.

Inventory:

Hand Weapons
 a - a +0 long sword (weapon)
Armour
 b - a +0 leather armour (worn)
 c - a +0 helmet
Jewellery
 i - a ring of protection from cold (left hand)
 k - an amulet of magic regeneration
Scrolls
 h - 3 scrolls of identify {unknown}
 l - a scroll of butterflies {unknown}
 m - a scroll of vulnerability {unknown}
Potions
 d - a potion of flight {unknown}
 e - a potion of ambrosia {unknown}
 j - a potion of berserk rage {unknown}


   Skills:
 - Level 2.0 Fighting
 + Level 5.4 Long Blades
 - Level 1.7 Throwing
 - Level 2.6 Dodging


You had 4 spell levels left.
You didn't know any spells.
Your spell library was empty.

Dungeon Overview and Level Annotations

Branches:
Dungeon (3/15)

Altars:


Innate Abilities, Weirdness & Mutations

You have a pair of antennae on your head.


Message History

The gnoll hits you with a +0 spear.
It was a potion of mutation.
You feel extremely strange.
Your body twists and deforms.
Really quaff the potion of mutation?
You feel extremely strange.
Your body's shape seems more normal.
The antennae on your head grow some more.
The gnoll hits you from afar with a +0 spear.
It was a potion of curing.
You feel better. The gnoll hits you with a +0 flail.
The gnoll barely misses you. The gnoll attacks as you move away!
The gnoll closely misses you. The gnoll attacks as you move away!
The gnoll hits you with a +0 flail! The gnoll attacks as you move away!
The gnoll barely misses you. The gnoll attacks as you move away!
The gnoll hits you with a +0 flail.
* * * LOW HITPOINT WARNING * * *
You feel better. The gnoll barely misses you.
The gnoll attacks as you move away! The gnoll closely misses you.
The gnoll attacks as you move away! The gnoll hits you with a +0 flail!
The gnoll attacks as you move away! The gnoll closely misses you.
The gnoll attacks as you move away! The gnoll hits you with a +0 flail.
* * * LOW HITPOINT WARNING * * *
You feel better. The gnoll barely misses you.
The gnoll attacks as you move away! The gnoll hits you but does no damage.
The gnoll attacks as you move away! The gnoll closely misses you.
The gnoll attacks as you move away! The gnoll hits you with a +0 flail!
* * * LOW HITPOINT WARNING * * *
You feel better. The gnoll hits you with a +0 flail!
* * * LOW HITPOINT WARNING * * *
The gnoll attacks as you move away! The gnoll hits you with a +0 flail.
* * * LOW HITPOINT WARNING * * *
You feel better. The gnoll hits you with a +0 flail.
* * * LOW HITPOINT WARNING * * *
The gnoll barely misses you.
It was a potion of resistance.
You feel protected.
The gnoll hits you from afar with a +0 spear.
* * * LOW HITPOINT WARNING * * *
The gnoll closely misses you. The gnoll attacks as you move away!
The gnoll hits you with a +0 flail.
You die...

### ..# #.# ######.#
#...##.# #......# ### #
#...#..# ##.#######
#.##.##g.######<........
#....g.#g@.[.......#####
####{##g#######...##
#.#### ##.## #g## #.#
#..# #.# ##.# #+# #g#
#.## #..##


You could see 3 gnolls.

Vanquished Creatures
  Jessica (D:2)
  Natasha (thrice) (D:2)
  A gnoll (D:3)
  2 adders (D:2)
  4 dart slugs
  2 endoplasms
  2 giant cockroaches (D:1)
  6 goblins
  3 hobgoblins (D:1)
  A quokka (D:1)
  2 ball pythons (D:2)
  2 bats (D:1)
  A frilled lizard (D:1)
  2 kobolds (D:1)
  A rat (D:1)
33 creatures vanquished.

Notes
Turn   | Place    | Note
-------+----------+-------------------------------------------
     0 | D:1      | Drevant2 the Demonspawn Gladiator began the quest for the
                  | Orb.
     0 | D:1      | Reached XP level 1. HP: 16/16 MP: 1/1
    69 | D:1      | Reached skill level 3 in Long Blades
   135 | D:1      | Gained mutation: You have a pair of small antennae on your
                  | head. [demonic ancestry]
   135 | D:1      | Reached XP level 2. HP: 22/22 MP: 2/2
   708 | D:2      | Reached XP level 3. HP: 26/27 MP: 3/3
   766 | D:2      | Noticed Jessica
   775 | D:2      | Killed Jessica
   776 | D:2      | Reached skill level 4 in Long Blades
   880 | D:2      | Noticed Natasha
   887 | D:2      | Killed Natasha
   888 | D:2      | Reached XP level 4. HP: 20/33 MP: 4/4
  1336 | D:2      | Noticed Natasha
  1346 | D:2      | Killed Natasha
  1347 | D:2      | Reached skill level 5 in Long Blades
  1519 | D:2      | Noticed Natasha
  1527 | D:2      | Killed Natasha
  1528 | D:2      | Reached XP level 5. HP: 29/38 MP: 5/5
  1803 | D:3      | Gained mutation: Armour fits poorly on your strangely
                  | shaped body. [potion of mutation]
  1804 | D:3      | Lost mutation: Armour fits poorly on your strangely shaped
                  | body. [potion of mutation]
  1804 | D:3      | Gained mutation: You have a pair of antennae on your head.
                  | [potion of mutation]
  1848 | D:3      | Slain by a gnoll

Illustrated notes

Levels and vault maps discovered:
D:1:      dpeg_arrival_signposts, layout_basic
D:2:      layout_loops_ring, uniq_jessica, uniq_natasha
D:3:      layout_loops_corners, kennysheep_slug_shrine

Skill      XL: |  1  2  3  4 |
---------------+-------------+-----
Long Blades    | 3 4 5 |  5.4
Fighting       | |  2.0
Throwing       | |  1.7
Dodging        | |  2.6

Action                   |  1- 3 |  4- 6 || total
-------------------------+-------+-------++-------
Melee: Long sword        |    56 |    29 ||    85
       Punch             |       |     1 ||     1
Throw: Throwing net      |     5 |       ||     5
       Javelin           |       |     3 ||     3
  Use: Potion            |       |     8 ||     8
 Stab: Sleeping          |     1 |       ||     1
       Held in net/web   |     2 |       ||     2
Armor: Leather armour    |    21 |     6 ||    27
Dodge: Dodged            |    40 |    27 ||    67
